 Dungeon Crawl Stone Soup version 0.29-a0-100-g60f898f876 (webtiles) character file.

Game seed: 3370151244776005996

1402 dog the Twirler (level 8, 0/71 HPs)
             Began as a Minotaur Berserker on Feb 14, 2022.
             Was a Priest of Trog.
             Succumbed to enile's ghost's poison
             ... on level 6 of the Dungeon.
             The game lasted 00:10:05 (5743 turns).

dog the Twirler (Minotaur Berserker)                Turns: 5743, Time: 00:10:05

Health: 0/71       AC: 18    Str: 25    XL:     8   Next: 42%
Magic:  7/7        EV: 11    Int:  4    God:    Trog [***...]
Gold:   198        SH:  0    Dex:  9    Spells: 7/7 levels left

rFire   . . .      SeeInvis .   q - +2 quarterstaff (chaos)
rCold   + . .      Faith    .   (shield currently unavailable)
rNeg    + . .      Spirit   .   s - +2 scale mail {rC+}
rPois   .          Reflect  .   (helmet restricted)
rElec   .          Harm     .   r - +1 cloak
rCorr   .          Rampage  .   d - +0 pair of gloves
Will    .....                   y - +0 pair of boots
Stlth   ..........              (no amulet)
HPRegen 0.21/turn               k - +4 ring of protection
MPRegen 0.10/turn               n - ring of positive energy

@: lethally poisoned (0 -> -11), on berserk cooldown, slowed, very slow
A: horns 2, retaliatory headbutt
a: Renounce Religion, Berserk, Trog's Hand


You were on level 6 of the Dungeon.
You worshipped Trog.
Trog was most pleased with you.
You visited 1 branch of the dungeon, and saw 6 of its levels.

You collected 198 gold pieces.

Inventory:

Hand Weapons
 q - a +2 quarterstaff of chaos (weapon)
Armour
 d - a +0 pair of gloves (worn)
 r - a +1 cloak (worn)
 s - a +2 scale mail of cold resistance (worn)
 y - a +0 pair of boots (worn)
Jewellery
 a - a ring of positive energy
 k - a +4 ring of protection (left hand)
 n - a ring of positive energy (right hand)
Wands
 j - a wand of paralysis (6)
 p - a wand of flame (11)
 v - a wand of digging (9)
Scrolls
 e - 2 scrolls of blinking {unknown}
 h - a scroll of enchant armour {unknown}
 i - 4 scrolls of identify {unknown}
 l - a scroll of amnesia {unknown}
 t - 2 scrolls of magic mapping {unknown}
 x - a scroll of teleportation {unknown}
 z - a scroll of brand weapon {unknown}
 B - a scroll of silence {unknown}
Potions
 b - a potion of resistance {unknown}
 c - a potion of curing
 f - a potion of brilliance {unknown}
 g - 3 potions of heal wounds {unknown}
 m - a potion of ambrosia {unknown}
 o - a potion of invisibility {unknown}
 u - a potion of flight {unknown}
 w - a potion of mutation {unknown}
 A - a potion of cancellation {unknown}


   Skills:
 + Level 6.6 Fighting
 + Level 6.1(7.5) Maces & Flails
 + Level 6.8(7.9) Staves
 + Level 6.2 Armour
 + Level 3.9 Dodging
 + Level 1.2 Stealth


You had 7 spell levels left.
You didn't know any spells.
Your spell library was empty.

Dungeon Overview and Level Annotations

Branches:
Dungeon (6/15)
 Temple: D:4-7

Altars:
Fedhas


Innate Abilities, Weirdness & Mutations

You have a pair of horns on your head.
You reflexively headbutt those who attack you in melee.


Message History

You are more poisoned.
Unknown command.
You thump enile's ghost! You headbutt enile's ghost!
Enile's ghost is severely damaged.
You feel very sick. The kobold brigand barely misses you.
The kobold brigand hits you with a +2 rapier of distortion.
Space warps horribly around you! Enile's ghost barely misses you.
You furiously retaliate!
You headbutt enile's ghost! You sock enile's ghost!
You destroy enile's ghost!
Trog accepts your kill.
You feel very sick.
The kobold brigand hits you but does no damage. x2
The kobold brigand closely misses you. You furiously retaliate!
You headbutt the kobold brigand!
The ufetubus hits you but does no damage. x2
You closely miss the kobold brigand.
The kobold brigand is moderately wounded.
You feel very sick.
The ufetubus barely misses you. x2; The kobold brigand closely misses you.
The kobold brigand hits you with a +0 short sword.
The kobold brigand hits you with a +2 rapier of distortion!
Space warps horribly around you!
* * * LOW HITPOINT WARNING * * *
You are too injured to fight recklessly!
You are too injured to fight recklessly!
You are too injured to fight recklessly!
You are too injured to fight recklessly!
You feel very sick. The ufetubus barely misses you.
The ufetubus hits you but does no damage.
The kobold brigand hits you but does no damage.
Space warps horribly around you!!
* * * LOW HITPOINT WARNING * * *
You feel a strong urge to attack something.
You are no longer berserk.
You are exhausted.
You feel as though you will be slow longer.
You die...

#..#.## ## #..... ##.$[
#.#.#######.... #
#........#..#.# .#
#########.######85#.#.8#
.<........†....#K.#.#.P#
#########....####KKK5.###
#..........##5KK##.#
######.##...###.@.KK....#
#................#KK#####
..#######.#......#K##
......# #.########.#
.###.## #.. ..# .# #.#
### ### .# #.# .# #.# .#
#.#


You could see a kobold demonologist, 9 kobold brigands, a crimson imp
(summoned), a shadow imp (summoned) and an ufetubus (summoned).

Vanquished Creatures
  The ghost of enile the Skirmisher, an amateur DjFE of Trog (D:6)
  A water moccasin (D:5)
  A black bear (D:5)
  A sky beast (D:6)
  2 ice beasts (D:5)
  A hornet zombie (D:5)
  A necrophage (D:4)
  A phantom (D:4)
  A kobold brigand (D:6)
  Crazy Yiuf (D:3)
  A bullfrog skeleton (D:6)
  A gnoll shaman (D:5)
  2 orc priests
  2 centaur skeletons (D:5)
  Jessica (D:3)
  2 orc wizards (D:6)
  8 gnolls
  4 adders
  A worm (D:2)
  4 dart slugs
  7 orcs
  3 bats
  5 endoplasms
  3 giant cockroaches
  4 goblins
  6 hobgoblins
  8 jackals
  11 kobolds
  5 quokkas
  6 ball pythons
  A frilled lizard (D:1)
  10 rats
106 creatures vanquished.

Vanquished Creatures (others)
  A fungus (D:6)
  2 plants (D:6)
  5 toadstools (D:1)
8 creatures vanquished.

Grand Total: 114 creatures vanquished

Notes
Turn   | Place    | Note
-------+----------+-------------------------------------------
     0 | D:1      | dog the Minotaur Berserker began the quest for the Orb.
     0 | D:1      | Reached XP level 1. HP: 19/19 MP: 0/0
    81 | D:1      | Found a faded altar of an unknown god.
   245 | D:1      | Reached XP level 2. HP: 25/27 MP: 1/1
   686 | D:1      | Reached ** piety under Trog
   713 | D:1      | Reached XP level 3. HP: 29/34 MP: 2/2
   990 | D:1      | Upgraded the game from 0.29-a0-97-g88c9fad16d to
                  | 0.29-a0-100-g60f898f876
  1078 | D:2      | Reached XP level 4. HP: 4/41 MP: 3/3
  2308 | D:3      | Reached skill level 5 in Maces & Flails
  2312 | D:3      | Reached skill level 5 in Fighting
  2696 | D:3      | Found a runed translucent door.
  2697 | D:3      | Noticed Crazy Yiuf
  2727 | D:3      | Noticed Jessica
  2731 | D:3      | Killed Jessica
  2732 | D:3      | Reached XP level 5. HP: 34/48 MP: 4/4
  3100 | D:3      | Killed Crazy Yiuf
  3730 | D:4      | Noticed a necrophage
  3739 | D:4      | Killed a necrophage
  3740 | D:4      | Reached XP level 6. HP: 56/56 MP: 5/5
  3885 | D:4      | Reached skill level 1 in Staves
  4127 | D:5      | Entered Level 5 of the Dungeon
  4161 | D:5      | Noticed an ice beast
  4168 | D:5      | Killed an ice beast
  4240 | D:5      | Reached skill level 1 in Stealth
  4250 | D:5      | Reached XP level 7. HP: 61/61 MP: 6/6
  4253 | D:5      | Reached skill level 5 in Armour
  4255 | D:5      | Reached *** piety under Trog
  4348 | D:5      | Found a blossoming altar of Fedhas.
  5124 | D:5      | Reached skill level 5 in Staves
  5193 | D:5      | Reached XP level 8. HP: 65/70 MP: 7/7
  5726 | D:6      | Found a runed translucent gate.
  5726 | D:6      | Found a runed translucent gate.
  5727 | D:6      | Found a runed translucent gate.
  5728 | D:6      | Noticed enile's ghost (amateur DjFE)
  5731 | D:6      | Noticed a kobold demonologist
  5740 | D:6      | Killed enile's ghost
  5742 | D:6      | HP: 4/106 [kobold brigand (20)]
  5743 | D:6      | Succumbed to enile's ghost's poison

Illustrated notes

Levels and vault maps discovered:
D:1:      ldierk_walled_garden, layout_rooms, basic_ecumenical_altar,
          minmay_misc_feat_roman, minmay_rat_gold_closets
D:2:      layout_rooms
D:3:      layout_loops_corners, uniq_jessica, uniq_crazy_yiuf_cottage
D:4:      layout_loops_ring
D:5:      layout_cave_pods, lemuel_round_altar, hangedman_abyss_or_decor_stagger
D:6:      layout_basic, gammafunk_ghost_nasty_kobolds

Skill      XL: |  1  2  3  4  5  6  7  8 |
---------------+-------------------------+-----
Fighting       | 4 5 6 |  6.6
Maces & Flails | 4 5 6 |  6.1
Armour         | 3 4 5 6 |  6.2
Staves         | 2 5 6 |  6.8
Dodging        | 3 |  3.9
Stealth        | 1 |  1.2

Action                   |  1- 3 |  4- 6 |  7- 9 || total
-------------------------+-------+-------+-------++-------
Melee: Mace              |    68 |    52 |       ||   120
       Headbutt          |     8 |    16 |     8 ||    32
       Punch             |     1 |       |       ||     1
       Quarterstaff      |       |    41 |    67 ||   108
Invok: Berserk           |     1 |     2 |     1 ||     4
Armor: Animal skin       |    12 |       |       ||    12
       Ring mail         |    13 |    25 |       ||    38
       Scale mail        |       |    32 |    50 ||    82
Dodge: Dodged            |    70 |    50 |    27 ||   147

Table legend: (Time is in decaauts)
 A = Elapsed time spent in this place.
 B = Non-inter-level travel time spent in this place.
 C = Inter-level travel time spent in this place.
 D = Time resting spent in this place.
 E = Time spent auto-exploring this place.
 F = Levels seen in this place.
 G = Mean time per level.
                   A        B        C        D        E       F      G
               +--------+--------+--------+--------+--------+-----+--------+
         Total |   5778 |   5649 |    129 |   1175 |   3620 |   6 |  963.0 |
       Dungeon |   5778 |   5649 |    129 |   1175 |   3620 |   6 |  963.0 |
               +--------+--------+--------+--------+--------+-----+--------+

Top non-repeatable levels by time:
     D:3: 1568 daAuts
     D:5: 1188 daAuts
     D:1: 1039 daAuts
     D:2: 821 daAuts
     D:4: 723 daAuts
     D:6: 436 daAuts
